AoeStats
← Franquitoo

Four Lakes

509490611Analyzed
1v1 RM · 6d ago on Sep 27, 2026· 54m 51s· 2 players
Game mode
Random Map
Map size
Tiny (2 player)
Population
200
Speed
Normal
Resources
Standard
Victory
Conquest
Starting age
Dark Age
Ending age
Imperial Age
RankedLock teamsTeams togetherTeam positionsShared explorationLock speedFull tech treeHidden civsTurbo modeCheats
Victory
Defeat
🇦🇷 Chinese · Argentina
734
+17
🇺🇸 Byzantines · United States
747
-17
Franquitoo
0:39 Loom
10:47 Feudal Age
11:04 Man-at-Arms
11:45 Double-Bit Axe
13:06 Gold Mining
15:36 Horse Collar
18:27 Wheelbarrow
18:43 Fishing Lines
21:40 Castle Age
19:57 Stone Mining
21:00 Arson
21:09 Fletching
22:03 Pikeman
22:05 Elite Skirmisher
23:01 Gillnets
23:37 Bow Saw
24:00 Town Watch
24:14 Bodkin Arrow
24:30 Forging
25:08 Husbandry
25:22 Bloodlines
26:51 Heavy Plow
27:29 Gold Shaft Mining
29:29 Hand Cart
35:18 Imperial Age
34:13 Town Patrol
37:07 Capped Ram
41:41 Scale Mail Armor
41:42 Padded Archer Armor
42:28 Long Swordsman
44:30 Conscription
45:12 Ballistics
45:53 Chemistry
48:07 Elite Fire Lancer
48:31 Cavalier
50:08 Halberdier
53:58 Squires
55:28 Rocketry
Canned Banana
5:07 Loom
10:50 Feudal Age
11:40 Double-Bit Axe
12:42 Wheelbarrow
21:00 Castle Age
22:34 Hand Cart
22:58 Bow Saw
23:09 Husbandry
23:28 Scale Barding Armor
25:25 Fletching
26:01 Horse Collar
26:22 Bodkin Arrow
26:39 Thumb Ring
27:10 Ballistics
27:29 Treadmill Crane
27:26 Crossbowman
28:14 Padded Archer Armor
28:59 Scale Mail Armor
31:23 Gold Mining
31:24 Stone Mining
31:39 Heavy Plow
41:17 Imperial Age
40:03 Murder Holes
41:41 Leather Archer Armor
40:53 Elite Skirmisher
43:45 Crop Rotation
44:18 Two-Man Saw
44:01 Hoardings
44:29 Chemistry
44:11 Ring Archer Armor
44:29 Conscription
44:41 Elite Cataphract
47:22 Chain Barding Armor
47:47 Bombard Tower
48:10 Gold Shaft Mining
48:16 Stone Shaft Mining
49:32 Scale Mail Armor
53:01 Bracer
53:32 Logistica
Connection lost

Rejoining the realm…

Still unreachable

The connection could not be restored.

Session expired

The server has moved on; the page needs a fresh start.